 Dungeon Crawl Stone Soup version 0.29.1-15-g9cfb28693d (webtiles) character file.

Game seed: 10096937132440732394

25 Mickster the Trooper (level 3, -6/40 HPs)
             Began as an Ogre Berserker on Mar 6, 2023.
             Was a Follower of Trog.
             Mangled by Crazy Yiuf
             ... wielding a +4 quarterstaff of chaos
              (9 damage)
             ... on level 2 of the Dungeon.
             The game lasted 00:11:08 (921 turns).

Mickster the Trooper (Ogre Berserker)                Turns: 921, Time: 00:11:08

Health: -6/40      AC:  4    Str: 23    XL:     3   Next: 6%
Magic:  3/3        EV: 10    Int:  8    God:    Trog [*.....]
Gold:   130        SH:  0    Dex:  8    Spells: 2/2 levels left

rFire   . . .      SeeInvis .   a - +0 spear
rCold   . . .      Faith    +   (no shield)
rNeg    . . .      Spirit   .   b - +1 animal skin
rPois   .          Reflect  .   (helmet restricted)
rElec   .          Harm     .   (no cloak)
rCorr   .          Rampage  .   (gloves unavailable)
Will    .....                   (boots unavailable)
Stlth   +.........              f - amulet of faith
HPRegen 0.13/turn               (no ring)
MPRegen 0.08/turn               (no ring)

@: no status effects
A: large, unfitting armour, tough skin 1
a: Renounce Religion, Berserk


You were on level 2 of the Dungeon.
You worshipped Trog.
Trog was aware of your devotion.
You visited 1 branch of the dungeon, and saw 2 of its levels.

You collected 130 gold pieces.

Inventory:

Hand Weapons
 a - a +0 spear (weapon)
 g - a +0 long sword
Missiles
 d - 4 poisoned darts (quivered)
Armour
 b - a +1 animal skin (worn)
Jewellery
 f - an amulet of faith (around neck)
Scrolls
 e - 3 scrolls of identify
Potions
 c - a potion of curing
 h - a potion of magic {unknown}


   Skills:
 + Level 4.4 Fighting
 * Level 3.5 Polearms
 + Level 3.0 Dodging


You had 2 spell levels left.
You didn't know any spells.
Your spell library was empty.

Dungeon Overview and Level Annotations

Branches:
Dungeon (2/15)

Altars:

Annotations:
D:2 Crazy Yiuf


Innate Abilities, Weirdness & Mutations

You are too large for most types of armour.
You have tough skin. (AC +1)


Message History

e - 3 scrolls of identify (gained 1)
You open the door.
There is an open door here.
There is an open door here.
Found a hammer.
Found a hammer.
Found a hammer.
You see here a +0 hammer.
Found seven hammers.
Found a runed translucent door.
You see here a +0 hammer.
Found a hammer.
Crazy Yiuf shouts!
You see here a +0 hammer.
You see here a +0 hammer.
Found three hammers.
You see here a +0 hammer.
You open the door. You hit Crazy Yiuf.
Crazy Yiuf is lightly wounded.
Crazy Yiuf hits you with a +4 quarterstaff of chaos.
You are electrocuted!!
You barely miss Crazy Yiuf.
Crazy Yiuf is lightly wounded.
Crazy Yiuf completely misses you.
You barely miss Crazy Yiuf.
Crazy Yiuf is lightly wounded.
Crazy Yiuf laughs, "Announcement!"
Crazy Yiuf barely misses you.
You hit Crazy Yiuf but do no damage.
Crazy Yiuf is lightly wounded.
Crazy Yiuf misses you.
You closely miss Crazy Yiuf.
Crazy Yiuf is lightly wounded.
Crazy Yiuf cries, "You leg down broken song, no?"
Crazy Yiuf hits you with a +4 quarterstaff of chaos!
* * * LOW HITPOINT WARNING * * *
You hit Crazy Yiuf but do no damage.
Crazy Yiuf is lightly wounded.
Crazy Yiuf hits you with a +4 quarterstaff of chaos!
You die...

####### #######.....#
### ###)#)..#####.#
#)))##))#).......#.#
#.))g@####.......#'###
#)))### ##..#........
### ####<.......
#........ #.....>..
#........ #.....<..
#........ ######'##


You could see Crazy Yiuf.

Vanquished Creatures
  A dart slug (D:1)
  2 ball pythons (D:1)
  2 endoplasms (D:1)
  A giant cockroach (D:1)
  3 goblins (D:1)
  2 hobgoblins (D:1)
  2 quokkas (D:1)
  4 bats (D:1)
  A kobold (D:1)
  5 rats
23 creatures vanquished.

Notes
Turn   | Place    | Note
-------+----------+-------------------------------------------
     0 | D:1      | Mickster the Ogre Berserker began the quest for the Orb.
     0 | D:1      | Reached XP level 1. HP: 24/24 MP: 1/1
    50 | D:1      | Reached XP level 2. HP: 29/32 MP: 2/2
   681 | D:1      | Reached XP level 3. HP: 21/40 MP: 3/3
   759 | D:1      | Found a faded altar of an unknown god.
   911 | D:2      | Found a runed translucent door.
   912 | D:2      | Noticed Crazy Yiuf
   921 | D:2      | Mangled by Crazy Yiuf

Illustrated notes

Levels and vault maps discovered:
D:1:      lightli_molten_gateway, layout_basic,
          shapermc_ecumenical_altar_mp_highgroup, minmay_misc_feat_room
D:2:      layout_basic, uniq_crazy_yiuf_cottage, uniq_robin, uniq_jessica

Skill      XL: |  1  2 |
---------------+-------+-----
Dodging        | 3 |  3.0
Fighting       | |  4.4
Polearms       | |  3.5

Action                   || total
-------------------------++-------
Melee: Spear             ||    97
Throw: Dart              ||     1
  Use: Scroll            ||     2
       Potion            ||     1
Armor: Animal skin       ||    48
Dodge: Dodged            ||    67
